Map: Dasan Station LE

Players

agangim - Winner!

  • Race: Protoss Protoss
  • League: Gold
  • Spawn Location: 12:00

Fropez

  • Race: Protoss Protoss
  • League: Gold
  • Spawn Location: 6:00

VOD

Have the link to the VOD?

Description

Time

  • Played on: Aug. 19, 2016, 3:01 p.m.
  • Length: 3:14
Show
View Real Time Build Order
Export as new Build Order

agangim Protoss - Winner!

Build Orders:  

Get SALT Encoding   

  12  0:01  Probe (Chrono Boost)  
  13  0:11  Probe (Chrono Boost)  
  14  0:19  Pylon  
  14  0:23  Probe (Chrono Boost)  
  15  0:37  Probe (Chrono Boost)  
  15  0:40  Gateway  
  16  0:47  Probe (Chrono Boost)  
  17  0:56  Gateway  
  17  1:00  Assimilator  
  17  1:06  Pylon  
  17  1:07  Probe (Chrono Boost)  
  18  1:18  Probe (Chrono Boost)  
  19  1:28  Probe (Chrono Boost)  
  19  1:31  Cybernetics Core  
  22  1:33  Zealot (Chrono Boost)  
  22  1:45  Zealot (Chrono Boost)  
  24  1:51  Forge  
  24  1:57  Zealot (Chrono Boost)  
  26  2:16  Pylon  
  26  2:21  Zealot (Chrono Boost)  
  26  2:22  Assimilator  
  28  2:27  Photon Cannon  
  28  2:35  Stalker (Chrono Boost)  
  30  2:41  Probe (Chrono Boost)  
  31  2:52  Probe (Chrono Boost)  
  31  2:55  Stargate  
  32  3:03  Probe (Chrono Boost)  
Show
View Real Time Build Order
Export as new Build Order

Fropez Protoss 

Build Orders:  

Get SALT Encoding   

  12  0:02  Probe (Chrono Boost)  
  13  0:13  Pylon  
  13  0:25  Probe (Chrono Boost)  
  13  0:27  Pylon  
  14  0:36  Probe (Chrono Boost)  
  15  0:44  Gateway  
  15  0:47  Probe (Chrono Boost)  
  16  0:58  Gateway  
  16  1:05  Pylon  
  16  1:08  Probe (Chrono Boost)  
  17  1:15  Assimilator  
  17  1:19  Probe (Chrono Boost)  
  18  1:28  Pylon  
  18  1:36  Cybernetics Core  
  18  1:41  Probe (Chrono Boost)  
  19  1:52  Gateway  
  20  1:54  Probe (Chrono Boost)  
  20  2:04  Probe (Chrono Boost)  
  21  2:16  Probe  
  21  2:21  Assimilator  
  24  2:25  Adept x2  
  26  2:33  Probe  
  27  2:55  Nexus  
Tags
 
League
GoldGold
Matchup
PvP
Replay Pack
All Mines
Spawn Locations
Cross Positions
Add a new tag
Caveats
  • Supply blocks, unpowered buildings, or Contaminate may cause inaccurate times.
  • Supply counts are checked every 10 seconds.